 Dungeon Crawl Stone Soup version 0.31-a0-844-gdc52ec4e09 (webtiles) character file.

Game seed: 79744423074738737

280 wvc the Cudgeller (level 6, 0/35 HPs)
             Began as a Gargoyle Gladiator on Sept 30, 2023.
             Slain by Pikel
             ... wielding a +0 whip of flaming
              (4 damage)
             ... on level 3 of the Dungeon.
             The game lasted 00:05:43 (3078 turns).

wvc the Cudgeller (Gargoyle Gladiator)              Turns: 3078, Time: 00:05:44

Health: 0/35       AC: 10    Str: 18    XL:     6   Next: 27%
Magic:  6/6        EV: 12    Int:  8    God:
Gold:   212        SH:  0    Dex: 19    Spells: 5/5 levels left

rFire   . . .        a - +0 flail
rCold   . . .        t - orb {mayhem}
rNeg    + . .        g - +0 ring mail
rPois   ∞            c - +0 helmet
rElec   +            (no cloak)
rCorr   .            (no gloves)
SInv    .            (no boots)
Will    .....        (no amulet)
Stlth   +            k - +6 ring of dexterity
HPRegen 0.25/turn    (no ring)
MPRegen 0.10/turn

%: mayhem
@: mighty
A: sickness immunity, AC +4, negative energy resistance 1, electricity
resistance, torment resistance 1, petrification resistance
a: no special abilities


You were on level 3 of the Dungeon.
You visited 1 branch of the dungeon, and saw 4 of its levels.

You collected 212 gold pieces.

Inventory:

Hand Weapons
 a - a +0 flail (weapon)
 h - a +0 dagger
Missiles
 d - 3 throwing nets (quivered)
 e - a javelin
 u - 7 poisoned darts
Armour
 b - a +0 leather armour
 c - a +0 helmet (worn)
 g - a +0 ring mail (worn)
 t - an orb of mayhem (worn)
Jewellery
 k - a +6 ring of dexterity (left hand)
Scrolls
 i - 4 scrolls of identify
 j - a scroll of torment {unknown}
 m - a scroll of vulnerability {unknown}
 n - a scroll of poison {unknown}
 r - a scroll of fog {unknown}
 s - 2 scrolls of immolation {unknown}
Potions
 f - a potion of might
 l - a potion of curing {unknown}
 o - 2 potions of heal wounds {unknown}
 p - a potion of degeneration {unknown}
 q - a potion of magic {unknown}
 v - a potion of cancellation {unknown}
 w - a potion of brilliance {unknown}


   Skills:
 - Level 2.1 Fighting
 + Level 6.8 Maces & Flails
 - Level 1.7 Throwing
 - Level 2.4 Dodging


You had 5 spell levels left.
You didn't know any spells.
Your spell library contained the following spells:

 Spells                   Type           Power      Damage    Failure   Level
 Shock                    Conj/Air       0%         1d3       61%         1
 Swiftness                Air            0%         N/A       93%         3
 Airstrike                Air            0%         2d(0-16)  100%        4


Dungeon Overview and Level Annotations

Branches:
Dungeon (4/15)
 Temple: D:4-7

Altars:

Shops:
D:3 ?

Annotations:
D:3 Pikel


Innate Abilities, Weirdness & Mutations

You are immune to sickness and miasma.
Your stone body is resilient. (AC +4)
You are immune to poison.
You resist negative energy. (rN+)
You are resistant to electric shocks. (rElec)
You are resistant to unholy torment.
You are immune to petrification.


Message History

The lemure closely misses you.
There is a stone staircase leading up here.
Pikel misses you.
The lemure hits you but does no damage. x3
The lemure hits you.
You climb upwards.
There is a stone staircase leading down here.
Okay, then.
As you read the scroll labelled LEUSCH XEGENT, it crumbles to dust.
It is a scroll of identify.
f - 2 potions of might The lemure barely misses you. x2
You feel very mighty all of a sudden. The lemure closely misses you. x2
You closely miss the lemure.
The lemure hits you but does no damage. x2
You closely miss the lemure. The lemure barely misses you. The lemure hits you.
You sock the lemure!
The lemure is moderately wounded.
The lemure hits you but does no damage. The lemure closely misses you.
You hit the lemure.
The lemure is heavily wounded.
The lemure hits you but does no damage. The lemure barely misses you.
You closely miss the lemure.
The lemure is heavily wounded.
The lemure hits you. The lemure barely misses you.
You hit the lemure.
The lemure is severely wounded.
The lemure misses you. The lemure hits you.
You sock the lemure!
You kill the lemure!
That felt strangely unrewarding.
The lemure barely misses you.
You sock Pikel!
Pikel is moderately wounded.
Pikel closely misses you. The lemure hits you but does no damage.
You barely miss Pikel.
Pikel is moderately wounded.
Pikel hits you with a +0 whip of flaming!
* * * LOW HITPOINT WARNING * * *
Pikel burns you.
You die...
Pikel says, "See you in Hell!"

#.......#..##### ##
#.#.###.#.....∩## #.#.#
#.........# ##.#.#
####.###..# #..#.# #...#
#..# #.##.# #.### #..###
#.##.# #5# #....# #.##.##
#5# #.##.# ### #.##..# #@#
#.##.# ##.. #.###.# #K#
#.##.# ##... #.#
#.###5#####.##.###.#.# #.#
#..##............)...#
#.###...#######.##.###(###
#.##.....######....# ##...
#........).).......# ####
####....)#########.#
##...## #######.#######


You could see Pikel and 3 lemures.

Vanquished Creatures
  A lemure (D:3)
  A bullfrog (D:4)
  2 jellies
  7 adders
  2 worms
  4 dart slugs
  7 orcs (D:3)
  5 ball pythons
  10 endoplasms
  4 giant cockroaches
  5 goblins
  6 hobgoblins
  2 quokkas
  6 bats
  2 frilled lizards
  8 kobolds
  4 rats
76 creatures vanquished.

Vanquished Creatures (collateral kills)
  An orc (D:3)
1 creature vanquished.

Vanquished Creatures (others)
  A bat (D:3)
1 creature vanquished.

Grand Total: 78 creatures vanquished

Notes
Turn   | Place    | Note
-------+----------+-------------------------------------------
     0 | D:1      | wvc the Gargoyle Gladiator began the quest for the Orb.
     0 | D:1      | Reached XP level 1. HP: 12/12 MP: 1/1
   193 | D:1      | Reached XP level 2. HP: 17/17 MP: 2/2
   441 | D:1      | Reached skill level 4 in Maces & Flails
   477 | D:1      | Reached XP level 3. HP: 14/21 MP: 3/3
  1281 | D:2      | Reached XP level 4. HP: 26/26 MP: 4/4
  1455 | D:2      | Reached skill level 5 in Maces & Flails
  2173 | D:3      | Reached XP level 5. HP: 17/30 MP: 5/5
  2494 | D:3      | Found Qustrur's Magic Scroll Shoppe.
  2850 | D:4      | Reached skill level 6 in Maces & Flails
  2980 | D:4      | Noticed a lemure
  2981 | D:4      | Noticed a lemure
  2982 | D:4      | Noticed a lemure
  2987 | D:4      | Noticed Pikel
  2988 | D:4      | Noticed a lemure
  2989 | D:4      | Reached XP level 6. HP: 27/35 MP: 6/6
  3078 | D:3      | Slain by Pikel

Illustrated notes

Levels and vault maps discovered:
D:1:      nzn_arrival_depleted_hourglass, layout_basic,
          chequers_serial_rivers_room_a
D:2:      layout_basic
D:3:      layout_loops_ring, serial_shops, shop, minmay_circle_x
D:4:      layout_rooms, temple_fountains, dreamdust_mushroom_princess,
          minmay_cut_off, uniq_pikel, uniq_grinder

Skill      XL: |  1  2  3  4  5 |
---------------+----------------+-----
Maces & Flails | 4 5 6 |  6.8
Fighting       | |  2.1
Throwing       | |  1.7
Dodging        | |  2.4

Action                     |  1- 3 |  4- 6 || total
---------------------------+-------+-------++-------
  Melee: Flail             |    82 |   160 ||   242
    Use: Scroll            |       |     1 ||     1
         Potion            |       |     1 ||     1
 Armour: Ring mail         |    50 |   116 ||   166
  Dodge: Dodged            |    53 |   122 ||   175

Table legend: (Time is in decaauts)
 A = Elapsed time spent in this place.
 B = Non-inter-level travel time spent in this place.
 C = Inter-level travel time spent in this place.
 D = Time resting spent in this place.
 E = Time spent auto-exploring this place.
 F = Levels seen in this place.
 G = Mean time per level.
                   A        B        C        D        E       F      G
               +--------+--------+--------+--------+--------+-----+--------+
         Total |   3114 |   3029 |     85 |    122 |   2248 |   4 |  778.5 |
       Dungeon |   3114 |   3029 |     85 |    122 |   2248 |   4 |  778.5 |
               +--------+--------+--------+--------+--------+-----+--------+

Top non-repeatable levels by time:
     D:2: 1071 daAuts
     D:1: 981 daAuts
     D:3: 972 daAuts
     D:4: 88 daAuts
